 Dungeon Crawl Stone Soup version 0.15.2 (webtiles) character file.

315 MistressOfTheSands the Insei (level 6, 0/49 HPs)
             Began as a Mummy Monk on Nov 9, 2015.
             Slain by an ogre
             ... wielding a +0 giant club
              (15 damage)
             ... on Level 4 of the Dungeon.
             The game lasted 00:04:15 (3347 turns).

MistressOfTheSands the Insei (Mummy Monk)           Turns: 3347, Time: 00:04:15

HP   0/49        AC  4     Str 14      XL: 6   Next: 19%
MP   6/6         EV 13     Int  9      God:
Gold 160         SH  0     Dex 16      Spells:  0 memorised,  5 levels left

rFire  x . .     SeeInvis .     o - slice of pizza
rCold  + . .     Clarity  .     a - +0 robe
rNeg   + + +     rCorr    .     (no shield)
rPois  +         rRot     +     f - +0 helmet
rElec  .         Spirit   .     (no cloak)
SustAb .         Warding  .     i - +0 pair of gloves
rMut   .         Stasis   .     (no boots)
Gourm  .                        (no amulet)
MR     .....                    j - ring of positive energy
                                (no ring)

@: not resistant to hostile enchantments, unstealthy
A: no food or potions, fire vulnerability, restore body, cold resistance 1,
negative energy resistance 3, poison resistance, torment resistance, unbreathing
a: no special abilities


You were on level 4 of the Dungeon.
You were not hungry.

You visited 1 branch of the dungeon, and saw 4 of its levels.

You collected 160 gold pieces.


Innate Abilities, Weirdness & Mutations

You do not eat or drink.
Your flesh is vulnerable to fire.
Your flesh is cold resistant.
You are immune to negative energy.
Your system is resistant to poisons.
You are immune to unholy pain and torment.
You can survive without breathing.


   Skills:
 + Level 4.7 Fighting
 - Level 2.4 Dodging
 - Level 1.5 Stealth
 - Level 5.4 Unarmed Combat


You had 5 spell levels left.
You didn't know any spells.

Inventory:

Missiles
 b - 53 poisoned needles (quivered)
Armour
 a - a +0 robe (worn)
 f - a +0 helmet (worn)
 i - a +0 pair of gloves (worn)
Comestibles
 o - a slice of pizza (in hand)
 p - 4 fruits
 q - a beef jerky
Scrolls
 c - 3 scrolls of blinking {unknown}
 d - 2 scrolls of identify {unknown}
 e - 3 scrolls of recharging {unknown}
 g - a scroll of immolation {unknown}
 h - 3 scrolls of enchant weapon {unknown}
 k - 3 scrolls of teleportation {unknown}
 l - 2 scrolls of magic mapping {unknown}
 m - 2 scrolls of enchant armour {unknown}
 n - a scroll of noise {unknown}
Jewellery
 j - a ring of positive energy (right hand)
 r - an uncursed amulet of rage {unknown}

Dungeon Overview and Level Annotations

Branches:
Dungeon (4/15)
 Temple: D:4-7

Altars:
Yredelemnul

#. ......#........#....8.# ...
...............#..8...# ....
.....##<.......##...8.# .....
.............#####.8...# ...#
.....##.....# #...8.## ...####
... #..#.#.# #.8....#
.#....##....#.##.#.# #...8..#
............#....#.# #.8....#
...............#M#.# #...##.#
%..............#O#.# ##..##.#
..................># ##.....#
#...........#..#.#######..#####
#...........#..).........##
............##........####
......................#
......................#
......................#


You could see an ogre.


Message History

You see here 22 arrows.
l - 2 scrolls labeled QYKUDW EH ANUSU (gained 1)
r - a runed bone amulet
There is an open door here.
An ogre comes into view. It is wielding a giant club.
The ogre shouts!
You swing at nothing.
You swing at nothing.
You hit the ogre.
The ogre is lightly wounded.
The ogre hits you with a giant club.
You punch the ogre!
The ogre is moderately wounded.
The ogre hits you with a giant club!
You swing at nothing.
You barely miss the ogre.
The ogre is moderately wounded.
The ogre hits you with a giant club!
* * * LOW HITPOINT WARNING * * *
You see here a rotting rat corpse.
You see here a bat skeleton.
Things that are here:
a whip of flaming; a runed dagger; a goblin skeleton Wield which item (- for none, * to show all)? (? for menu, Esc to quit)
o - a slice of pizza (in hand)
The ogre hits you with a giant club!
* * * LOW HITPOINT WARNING * * *
There is a stone staircase leading up here.
The ogre hits you with a giant club!
You die...

Action                   |  1- 3 |  4- 6 || total
-------------------------+-------+-------++-------
Melee: Unarmed           |   147 |   148 ||   295
 Stab: Sleeping          |     4 |     1 ||     5

Vault maps used:
D:1:      minmay_arrival_three_doors
D:2:      first_bread
D:3:      minmay_parallelograms
D:4:      minmay_opposing_rooms, lemuel_coloured_pillars_altar,
          minmay_misc_feat_pillars, nemelex_lonely_heart_becter

Notes
Turn   | Place    | Note
--------------------------------------------------------------
     0 | D:1      | MistressOfTheSands, the Mummy Monk, began the quest for the Orb.
     0 | D:1      | Reached XP level 1. HP: 18/18 MP: 1/1
   350 | D:1      | Reached XP level 2. HP: 24/24 MP: 2/2
  1043 | D:2      | Reached skill level 4 in Unarmed Combat
  1046 | D:2      | Reached XP level 3. HP: 15/29 MP: 3/3
  1832 | D:3      | Reached XP level 4. HP: 30/35 MP: 4/4
  2159 | D:4      | Noticed a big kobold
  2190 | D:4      | Killed a big kobold
  2190 | D:4      | Reached skill level 5 in Unarmed Combat
  2190 | D:4      | Reached XP level 5. HP: 12/41 MP: 5/5
  2541 | D:4      | Found a basalt altar of Yredelemnul.
  2779 | D:4      | Reached skill level 4 in Fighting
  2968 | D:4      | Reached XP level 6. HP: 38/49 MP: 6/6
  3292 | D:4      | Noticed an ogre
  3347 | D:4      | Slain by an ogre

Vanquished Creatures
  A big kobold (D:4)
  A hound (D:4)
  An iguana (D:4)
  3 worker ants (D:4)
  5 adders
  2 giant mites
  3 giant geckos
  3 oozes
  An orc (D:4)
  6 bats
  4 giant cockroaches
  8 goblins
  7 hobgoblins
  2 quokkas
  2 jackals (D:4)
  5 kobolds
  8 rats
62 creatures vanquished.
